 Dungeon Crawl Stone Soup version 0.23.2-30-g0e89c35 (webtiles) character file.

Game seed: 17703049707443763094

954 DarkinPup the Slasher (level 7, -9/56 HPs)
             Began as a Demonspawn Fighter on June 25, 2019.
             Killed by divine providence
             ... invoked by an orc priest
              (10 damage)
             ... on level 7 of the Dungeon.
             The game lasted 00:13:37 (5087 turns).

DarkinPup the Slasher (Demonspawn Fighter)          Turns: 5087, Time: 00:13:37

Health: -9/56      AC:  9    Str: 18    XL:     7   Next: 90%
Magic:  7/7        EV: 15    Int:  9    God:
Gold:   308        SH:  4    Dex: 13    Spells: 6/6 levels left

rFire    . . .     SeeInvis .   w - +2 long sword (freeze)
rCold    . . .     Gourm    .   x - +0 buckler
rNeg     . . .     Faith    +   a - +2 ring mail {rPois}
rPois    +         Spirit   .   (no helmet)
rElec    .         Reflect  .   s - +0 cloak
rCorr    .         Harm     .   (no gloves)
MR       .....                  (no boots)
Stlth    +.........             t - amulet of faith
HPRegen  0.18/turn              (no ring)
MPRegen  0.10/turn              (no ring)

@: no status effects
A: repulsion field 2, demonic guardian 2
a: no special abilities


You were on level 7 of the Dungeon.
You were hungry.

You visited 2 branches of the dungeon, and saw 8 of its levels.

You collected 308 gold pieces.

Inventory:

Hand Weapons
 w - a +2 long sword of freezing (weapon)
 C - a +0 scimitar
Armour
 a - a +2 ring mail of poison resistance (worn)
 c - a +0 shield
 i - a +1 chain mail of poison resistance
 s - a +0 cloak (worn)
 x - a +0 buckler (worn)
Jewellery
 g - an uncursed amulet of the acrobat
 t - an amulet of faith (around neck)
Wands
 y - a wand of polymorph (6)
 A - a wand of acid (3)
 B - a wand of clouds (6)
Scrolls
 e - a scroll of teleportation {unknown}
 h - a scroll of amnesia
 l - a scroll of immolation {unknown}
 o - 2 scrolls of magic mapping {unknown}
 p - a scroll of enchant armour {unknown}
 q - 2 scrolls of enchant weapon {unknown}
 r - 3 scrolls of remove curse {unknown}
Potions
 b - a potion of lignification {unknown}
 d - 2 potions of might
 j - a potion of resistance {unknown}
 k - a potion of cancellation
 m - a potion of brilliance
 n - 2 potions of berserk rage
 u - a potion of haste
 v - 3 potions of curing {unknown}
 z - a potion of mutation {unknown}
 D - a potion of magic {unknown}
Comestibles
 f - 9 rations


   Skills:
 + Level 5.0 Fighting
 * Level 5.5 Long Blades
 + Level 4.5 Armour
 - Level 3.0 Dodging
 - Level 3.0 Shields


You had 6 spell levels left.
You didn't know any spells.
Your spell library was empty.

Dungeon Overview and Level Annotations

Branches:
Dungeon (7/15)             Temple (1/1) D:6

Altars:
Ashenzari
Dithmenos
Elyvilon
Fedhas
Gozag
Hepliaklqana
Nemelex Xobeh
Okawaru
Qazlal
Ru
Sif Muna
Trog
Uskayaw
Wu Jian
Yredelemnul
Zin
The Shining One

Shops:
D:5 [


Innate Abilities, Weirdness & Mutations

You are surrounded by a moderate repulsion field. (EV +3)
A demonic guardian rushes to your aid.


Message History

The orc dies!
Your Fighting skill increases to level 5!
You see here a ration.
f - 9 rations (gained 1)
The orc priest calls upon Beogh to heal the orc warrior.
The orc warrior is healed somewhat.
A crocodile comes into view.
The orc warrior closely misses your ice devil.
Your ice devil hits the orc warrior.
Your ice devil freezes the orc warrior!!
The orc warrior dies!
The orc wizard casts a spell at you. The magic dart hits you.
* * * LOW HITPOINT WARNING * * *
The orc priest invokes the aid of Beogh against you.
Pain shoots through your body!
* * * LOW HITPOINT WARNING * * *
The orc priest mumbles some strange prayers to Beogh against you.
Beogh smites you!
You die...

##....##<....#
###......##.#..#
#...........#.####
##................#
#..................
##..###........o...
.......†.#.........
........##.)o.ot..#
...##....@†4......#
.......#..$........
................#
.................
....#.#....##.....
.# ####..## ...#.
#..# ##.# ..## ..


You could see a crocodile, an orc priest, an orc wizard, an orc and a friendly
ice devil.

Vanquished Creatures
  A sky beast (D:6)
  A bullfrog (D:6)
  A scorpion (D:6)
  A bullfrog zombie (D:6)
  A jelly (D:5)
  Crazy Yiuf (D:2)
  A hound (D:5)
  Terence (D:3)
  2 worker ants
  A hound zombie (D:5)
  4 gnolls (D:6)
  3 adders
  2 shadow imps
  An ooze (D:3)
  An adder zombie (D:5)
  5 worms
  2 dart slugs
  2 leopard geckos
  3 orcs (D:3)
  7 bats
  5 giant cockroaches
  14 goblins
  5 hobgoblins
  10 jackals
  8 kobolds
  A quokka (D:3)
  2 ball pythons (D:2)
  6 frilled lizards
  8 rats
100 creatures vanquished.

Vanquished Creatures (collateral kills)
  Sigmund (D:4)
  An orc warrior (D:7)
  An ice beast (D:6)
  A bullfrog (D:7)
  A scorpion (D:4)
  Jessica (D:2)
  An orc (D:7)
7 creatures vanquished.

Grand Total: 107 creatures vanquished

Notes
Turn   | Place    | Note
-------+----------+-------------------------------------------
     0 | D:1      | DarkinPup the Demonspawn Fighter began the quest for the
                  | Orb.
     0 | D:1      | Reached XP level 1. HP: 18/18 MP: 1/1
   145 | D:1      | Gained mutation: You are surrounded by a mild repulsion
                  | field. (EV +2) [demonic ancestry]
   145 | D:1      | Reached XP level 2. HP: 19/24 MP: 2/2
   448 | D:1      | Reached skill level 1 in Dodging
   926 | D:2      | Found a white marble altar of Elyvilon.
  1021 | D:2      | Reached XP level 3. HP: 14/29 MP: 3/3
  1179 | D:2      | Found an ornate altar of the Wu Jian Council.
  1469 | D:2      | Found a runed translucent door.
  1470 | D:2      | Noticed Crazy Yiuf
  1493 | D:2      | Killed Crazy Yiuf
  1493 | D:2      | Gained mutation: A weak demonic guardian rushes to your
                  | aid. [demonic ancestry]
  1493 | D:2      | Reached XP level 4. HP: 27/35 MP: 4/4
  1639 | D:2      | Noticed Jessica
  1643 | D:2      | Killed Jessica
  1698 | D:2      | Found a glowing silver altar of Zin.
  1905 | D:3      | Gained mutation: A demonic guardian rushes to your aid.
                  | [demonic ancestry]
  1905 | D:3      | Reached XP level 5. HP: 39/41 MP: 5/5
  2178 | D:3      | Noticed Terence
  2295 | D:3      | Killed Terence
  2645 | D:3      | Found an opulent altar of Gozag.
  2713 | D:4      | Noticed Sigmund
  2722 | D:4      | Killed Sigmund
  2722 | D:4      | Reached XP level 6. HP: 41/48 MP: 6/6
  2937 | D:4      | Found a shattered altar of Ashenzari.
  3270 | D:5      | Entered Level 5 of the Dungeon
  3332 | D:5      | Found Wausauh's Armour Shop.
  3610 | D:5      | Found a sparkling altar of Nemelex Xobeh.
  3784 | D:5      | Found an iron altar of Okawaru.
  3929 | D:5      | Noticed a moth of wrath
  3932 | D:5      | Found a bloodstained altar of Trog.
  4342 | D:6      | Gained mutation: You are surrounded by a moderate repulsion
                  | field. (EV +3) [demonic ancestry]
  4342 | D:6      | Reached XP level 7. HP: 43/55 MP: 7/7
  4452 | D:6      | Found a staircase to the Ecumenical Temple.
  4497 | Temple   | Entered the Ecumenical Temple
  4881 | D:6      | Reached skill level 5 in Long Blades
  5084 | D:7      | Reached skill level 5 in Fighting
  5086 | D:7      | HP: 1/56 [orc priest/nerve-wracking pain (11)]
  5087 | D:7      | Killed from afar by an orc priest

Skill      XL: |  1  2  3  4  5  6  7 |
---------------+----------------------+-----
Long Blades    | 2 3 4 5 |  5.5
Dodging        | 1 2 3 |  3.0
Armour         | 3 4 |  4.5
Shields        | 3 |  3.0
Fighting       | 4 5 |  5.0

Action                   |  1- 3 |  4- 6 |  7- 9 || total
-------------------------+-------+-------+-------++-------
Melee: Long sword        |   107 |   159 |    48 ||   314
Evoke: Wand              |       |     3 |       ||     3
  Use: Scroll            |       |     6 |       ||     6
 Stab: Distracted        |       |       |     1 ||     1
  Eat: Chunk             |     2 |     6 |     2 ||    10
       Ration            |       |     1 |       ||     1
Armor: Scale mail        |    52 |    16 |       ||    68
       Chain mail        |       |    70 |       ||    70
       Ring mail         |       |     2 |    19 ||    21
Dodge: Dodged            |   146 |   270 |    29 ||   445
Block: Shield            |   113 |    35 |       ||   148
       Buckler           |       |    56 |     7 ||    63
       Rpst.: Long sword |    42 |    87 |     9 ||   138
